 Dungeon Crawl Stone Soup version 0.29.1-15-g9cfb28693d (webtiles) character file.

Game seed: 8107154310953632526

11 H0rd4k the Charlatan (level 2, 0/21 HPs)
             Began as a Human Artificer on Apr 18, 2023.
             Slain by a quokka (3 damage)
             ... on level 1 of the Dungeon.
             The game lasted 00:00:48 (919 turns).

H0rd4k the Charlatan (Human Artificer)               Turns: 919, Time: 00:00:48

Health: 0/21       AC:  3    Str: 12    XL:     2   Next: 40%
Magic:  2/2        EV: 11    Int: 11    God:
Gold:   9          SH:  0    Dex: 13    Spells: 1/1 levels left

rFire   . . .      SeeInvis .   a - +0 club
rCold   . . .      Faith    .   (no shield)
rNeg    . . .      Spirit   .   b - +0 leather armour
rPois   .          Reflect  .   (no helmet)
rElec   .          Harm     .   (no cloak)
rCorr   .          Rampage  .   (no gloves)
Will    .....                   (no boots)
Stlth   +.........              (no amulet)
HPRegen 0.07/turn               (no ring)
MPRegen 0.08/turn               (no ring)

@: no status effects
A: no striking features
a: no special abilities


You were on level 1 of the Dungeon.
You visited 1 branch of the dungeon, and saw 1 of its levels.

You collected 9 gold pieces.

Inventory:

Hand Weapons
 a - a +0 club (weapon)
Missiles
 g - 5 atropa-tipped darts
Armour
 b - a +0 leather armour (worn)
Wands
 c - a wand of flame (14) (quivered)
 d - a wand of charming (8)
 e - a wand of iceblast (5)
Scrolls
 f - a scroll of identify {unknown}
 h - a scroll of noise {unknown}
 i - a scroll of silence {unknown}


   Skills:
 + Level 1.0 Fighting
 + Level 0.4 Maces & Flails
 - Level 2.0 Armour
 + Level 1.1 Dodging
 + Level 1.2 Stealth
 + Level 3.4 Evocations


You had one spell level left.
You didn't know any spells.
Your spell library was empty.

Dungeon Overview and Level Annotations

Branches:
Dungeon (1/15)

Altars:


Message History

The goblin is charmed.
The quokka bites your goblin. The quokka misses your goblin.
Unknown command.
What are your orders? t - Shout!
Orders for allies: a - Attack new target. p - Attack previous target. r - Retreat! s - Stop attacking. g - Guard the area. f - Follow me.
Anything else - Cancel.
Guard this area!
The ball python bites your goblin.
Your goblin dies!
Aiming: Charm
Press: ? - help, Shift-Dir - straight line, f - quokka
Aim: a quokka (chance to affect: 74%)
The quokka struggles to resist.
The quokka misses you.
Unknown command.
What are your orders? t - Shout!
Orders for allies: a - Attack new target. p - Attack previous target. r - Retreat! s - Stop attacking. g - Guard the area. f - Follow me.
Anything else - Cancel.
Okay, then.
Aiming: Charm
Press: ? - help, Shift-Dir - straight line, f/p - quokka
Aim: a quokka (chance to affect: 74%)
The quokka struggles to resist.
The quokka bites you but does no damage. x2
Unknown command.
Aiming: Charm
Press: ? - help, Shift-Dir - straight line, f/p - quokka
Aim: a quokka (chance to affect: 74%)
The quokka struggles to resist.
The quokka bites you.
* * * LOW HITPOINT WARNING * * *
Unknown command.
Aiming: Charm
Press: ? - help, Shift-Dir - straight line, f/p - quokka
Aim: a quokka (chance to affect: 74%)
The quokka struggles to resist.
The quokka bites you.
You die...

............######
..................
.................
...........##.####
##########........
#)##.#### ##
#S##.## #.. #r#
...## #.### #@#
#..###.#.. #.#
#......#.# #.#
#......#.###. #.#
#...)..#..... #.#
#.......#
#.####.......#####
#.......###.......
#..............[##
#.......#####.....


You could see a quokka and a ball python.

Vanquished Creatures
  A ball python (D:1)
  A hobgoblin (D:1)
  2 jackals (D:1)
  2 kobolds (D:1)
  A quokka (D:1)
  A bat (D:1)
  3 rats (D:1)
11 creatures vanquished.

Vanquished Creatures (others)
  A goblin (D:1)
  A jackal (D:1)
2 creatures vanquished.

Grand Total: 13 creatures vanquished

Notes
Turn   | Place    | Note
-------+----------+-------------------------------------------
     0 | D:1      | H0rd4k the Human Artificer began the quest for the Orb.
     0 | D:1      | Reached XP level 1. HP: 15/15 MP: 1/1
    15 | D:1      | Found a faded altar of an unknown god.
   502 | D:1      | Reached XP level 2. HP: 16/21 MP: 2/2
   919 | D:1      | Slain by a quokka

Illustrated notes

Levels and vault maps discovered:
D:1:      ncdulo_smallfort, layout_basic, hellmonk_ecumenical_altar_run_dry,
          kennysheep_crisscross

Action                   || total
-------------------------++-------
Melee: Club              ||    56
Evoke: Wand              ||     8
Armor: Leather armour    ||    33
Dodge: Dodged            ||    51
